 Dungeon Crawl Stone Soup version 0.30.0-29-ga12c61a403 (webtiles) character file.

Game seed: 5701602252026610375

16028 monsoonserge the Basher (level 12, 0/118 HPs)
             Began as a Troll Berserker on June 6, 2023.
             Was a High Priest of Trog.
             Killed by divine providence
             ... invoked by a meliai
              (10 damage)
             ... on level 12 of the Dungeon.
             The game lasted 00:47:03 (9976 turns).

monsoonserge the Basher (Troll Berserker)           Turns: 9976, Time: 00:47:04

Health: 0/118      AC: 15    Str: 38    XL:     12   Next: 6%
Magic:  11/11      EV: 11    Int:  3    God:    Trog [*****.]
Gold:   969        SH:  5    Dex:  9    Spells: 11/11 levels left

rFire   . . .        X - +3 dire flail
rCold   . . .        (shield currently unavailable)
rNeg    . . .        V - +0 acid dragon scales
rPois   .            F - +1 hat
rElec   .            c - +0 cloak
rCorr   +            (gloves unavailable)
SInv    .            (boots unavailable)
Will    .....        x - amulet of reflection
Stlth   +            P - +4 ring of protection
HPRegen 1.19/turn    z - +6 ring of strength
MPRegen 0.12/turn

%: reflection
@: lethally poisoned (0 -> 0), studying Staves
A: large, unfitting armour, claws 3, regeneration 1, shaggy fur 1, tough skin 1
a: Renounce Religion, Berserk, Trog's Hand, Brothers in Arms


You were on level 12 of the Dungeon.
You worshipped Trog.
Trog was extremely pleased with you.
You visited 2 branches of the dungeon, and saw 14 of its levels.

You collected 969 gold pieces.

Inventory:

Hand Weapons
 A - a +0 flail
 I - a +0 mace of protection
 S - the +1 quarterstaff of Amorality {heavy, rC+ Str+3 Int+3}
   (You found it on level 7 of the Dungeon)

   Str:       It affects your strength (+3).
   Int:       It affects your intelligence (+3).
   rC:        It protects you from cold.
 X - a +3 dire flail (weapon)
Missiles
 s - 8 boomerangs (quivered)
 t - 9 large rocks
 M - a curare-tipped dart
 O - 2 throwing nets
 R - 17 poisoned darts
Armour
 c - a +0 cloak (worn)
 F - a +1 hat (worn)
 V - +0 acid dragon scales (worn)
Jewellery
 a - a ring of willpower
 q - a ring of willpower
 x - an amulet of reflection (around neck)
 z - a +6 ring of strength (right claw)
 J - a ring of resist corrosion
 K - a ring of poison resistance
 P - a +4 ring of protection (left claw)
Wands
 v - a wand of iceblast (11)
 w - a wand of polymorph (21)
 B - a wand of paralysis (8)
 C - a wand of acid (3)
 Z - a wand of digging (5)
Scrolls
 d - 9 scrolls of identify {unknown}
 i - 2 scrolls of teleportation {unknown}
 k - 2 scrolls of amnesia {unknown}
 l - 2 scrolls of magic mapping {unknown}
 m - a scroll of enchant armour {unknown}
 o - 2 scrolls of blinking
 r - 3 scrolls of poison
 u - 2 scrolls of noise {unknown}
 y - a scroll of fear {unknown}
 D - a scroll of acquirement {unknown}
 E - 2 scrolls of silence {unknown}
 G - 3 scrolls of enchant weapon {unknown}
 L - 3 scrolls of torment {unknown}
 Q - 2 scrolls of immolation {unknown}
Potions
 b - 2 potions of brilliance {unknown}
 e - a potion of ambrosia {unknown}
 f - 3 potions of heal wounds
 g - 3 potions of curing {unknown}
 h - 4 potions of flight {unknown}
 j - 3 potions of lignification {unknown}
 n - a potion of cancellation {unknown}
 p - a potion of magic {unknown}
 H - 2 potions of haste
 N - 2 potions of resistance {unknown}
 T - 2 potions of might {unknown}
 U - 2 potions of attraction {unknown}
 W - a potion of invisibility
 Y - a potion of mutation {unknown}


   Skills:
 + Level 7.4 Fighting
 + Level 11.8(12.9) Maces & Flails
 + Level 8.0(10.6) Staves
 + Level 3.1 Throwing
 + Level 4.1 Armour
 + Level 7.2 Dodging
 - Level 1.0 Stealth
 - Level 2.3 Shields
 - Level 2.0 Evocations


You had 11 spell levels left.
You didn't know any spells.
Your spell library contained the following spells:

 Spells                   Type           Power      Damage    Failure   Level
 Freeze                   Ice            0%         1d3       56%         1
 Magic Dart               Conj           0%         1d3       56%         1
 Sandblast                Erth           0%         2d4       56%         1
 Passwall                 Tmut/Erth      0%         N/A       71%         2
 Searing Ray              Conj           0%         2d4       71%         2
 Dazzling Flash           Conj/Hex       0%         N/A       91%         3
 Frozen Ramparts          Ice            0%         1d1       91%         3
 Hailstorm                Conj/Ice       0%         3d3       91%         3
 Stone Arrow              Conj/Erth      0%         3d7       91%         3
 Vhi's Electric Charge    Tloc/Air       0%         N/A       91%         3
 Volatile Blastmotes      Fire/Tloc      0%         2d10      91%         3
 Fulminant Prism          Conj/Hex       0%         3d5       100%        4
 Iskenderun's Mystic Bla  Conj/Tloc      0%         2d3       100%        4
 Arcjolt                  Conj/Air       0%         1d10      100%        5
 Starburst                Conj/Fire      0%         6d3       100%        6
 Maxwell's Capacitive Co  Air            0%         ∞         100%        8


Dungeon Overview and Level Annotations

Branches:
Dungeon (13/15)            Temple (1/1) D:5            Lair (0/5) D:8
    Orc (0/2) D:11
 Vaults: D:13-14

Altars:
Ashenzari
Cheibriados
Dithmenos
Elyvilon
Fedhas
Gozag
Hepliaklqana
Kikubaaqudgha
Makhleb
Nemelex Xobeh
Okawaru
Qazlal
Ru
Sif Muna
Trog
Uskayaw
Vehumet
Wu Jian
Xom
Yredelemnul
Zin
The Shining One

Shops:
D:2 =   D:10 (

Annotations:
D:8 3 transporters


Innate Abilities, Weirdness & Mutations

You are too large for most types of armour.
You have claws for hands.
Your natural rate of healing is unusually fast.
You are covered in fur. (AC +1)
You have tough skin. (AC +1)


Message History

You feel very sick.
The meliai hits you with a +1 hand axe of venom.
The meliai stings you.
You feel sick.
The meliai hits you with a +1 hand axe of venom.
You are more poisoned.
The meliai barely misses you.
You feel very sick.
The meliai hits you with a +1 hand axe of venom!
The meliai barely misses you.
You feel very sick. The meliai closely misses you.
The meliai stings you but does no damage.
You feel sick.
A meliai comes into view. It is wielding a +0 war axe.
The meliai hits you with a +1 hand axe of venom.
* * * LOW HITPOINT WARNING * * *
You block the meliai's attack.
You feel sick. Something hits you.
* * * LOW HITPOINT WARNING * * *
The meliai mumbles some strange prayers to its god against you.
Something smites you!
* * * LOW HITPOINT WARNING * * *
Unknown command.
Something hits you but does no damage. The meliai attacks as you move away!
The meliai barely misses you. You block the meliai's attack.
You feel sick.
Something hits you but does no damage. x2
The meliai hits you but does no damage. The meliai stings you.
* * * LOW HITPOINT WARNING * * *
There is a stone staircase leading down here.
Unknown command.
You feel sick.
The meliai buzzes angrily.
Something hits you but does no damage. Something hits you.
* * * LOW HITPOINT WARNING * * *
The meliai barely misses you.
The meliai stings you but does no damage.
The meliai calls down the wrath of its god upon you.
Something smites you!
You die...

#....W.T# . #....###W. #.
#....# .#.# ####.###$.#.#.
###########....##.#.
#......{H....#.# #.#
#.#########....###.
#.#######.y†###!..#
#####.##.....@{.###.#.#
#.....##.####.#..##...###..
#.######.# #.##...y..y....
#.# #.# #.#####.###.### #†#
#.# #.# #.# #†# #.#
#.#####.## #.#
##.####y.........y..# #†#
#.......#####.###.#.# #.#
#..####.# #.#


You could see 3 meliai.

Vanquished Creatures
  Harold (D:11)
  3 boulder beetles
  A two-headed ogre (D:10)
  Pikel (D:8)
  An ugly thing (D:12)
  A manticore (D:12)
  A salamander (shapeshifter) (D:11)
  2 cyclopes
  A gargoyle (D:13)
  2 unseen horrors
  A rime drake (D:8)
  5 trolls
  A hornet (D:9)
  Sigmund (D:2)
  4 shadows
  2 wyverns
  2 wraiths (D:11)
  A steam dragon (D:8)
  12 yaks (D:9)
  4 acid dragons
  A swamp drake (D:11)
  A water moccasin (D:9)
  5 ice beasts
  2 orc warriors (D:11)
  A black bear (D:5)
  2 centaurs
  2 wolves (D:8)
  4 ogres
  A phantom (D:5)
  4 kobold brigands
  2 gnoll sergeants
  2 scorpions
  8 bullfrogs
  9 wights
  8 killer bees
  A howler monkey (D:5)
  A jelly (D:7)
  A gnoll bouda (D:8)
  A hound (D:5)
  7 orc priests
  Ijyb (D:4)
  Natasha (twice) (D:2)
  3 iguanas
  A sleepcap (D:5)
  9 orc wizards
  22 gnolls
  8 adders
  A shadow imp (D:5)
  2 white imps (D:6)
  An ufetubus (D:7)
  2 worms (D:2)
  3 dart slugs
  35 orcs
  13 endoplasms
  4 giant cockroaches
  8 goblins
  5 hobgoblins
  7 jackals
  26 kobolds
  2 quokkas
  9 ball pythons
  7 bats
  2 frilled lizards (D:1)
  7 rats
290 creatures vanquished.

Vanquished Creatures (others)
  2 kobolds (D:8)
2 creatures vanquished.

Grand Total: 292 creatures vanquished

Notes
Turn   | Place    | Note
-------+----------+-------------------------------------------
     0 | D:1      | monsoonserge the Troll Berserker began the quest for the
                  | Orb.
     0 | D:1      | Reached XP level 1. HP: 22/22 MP: 0/0
    29 | D:1      | Reached XP level 2. HP: 21/29 MP: 1/1
   128 | D:1      | Reached skill level 3 in Maces & Flails
   262 | D:1      | Reached ** piety under Trog
   263 | D:1      | Reached XP level 3. HP: 35/36 MP: 2/2
   476 | D:2      | Noticed Sigmund
   581 | D:3      | Reached XP level 4. HP: 22/44 MP: 3/3
   868 | D:2      | Found Tualys's Jewellery Emporium.
   906 | D:2      | Reached skill level 4 in Maces & Flails
  1204 | D:3      | Reached *** piety under Trog
  1219 | D:3      | Reached XP level 5. HP: 33/53 MP: 4/4
  1604 | D:3      | Found a hazy altar of Hepliaklqana.
  2100 | D:2      | Noticed Natasha
  2106 | D:2      | Killed Natasha
  2219 | D:2      | Killed Sigmund
  2220 | D:2      | Reached skill level 1 in Evocations
  2220 | D:2      | Reached XP level 6. HP: 61/61 MP: 5/5
  2328 | D:2      | Noticed Natasha
  2335 | D:2      | Killed Natasha
  2500 | D:4      | Reached skill level 5 in Maces & Flails
  2572 | D:4      | Reached XP level 7. HP: 52/68 MP: 6/6
  2619 | D:4      | Found an ancient bone altar of Kikubaaqudgha.
  2634 | D:4      | Reached skill level 1 in Shields
  2757 | D:4      | Found a bloodstained altar of Trog.
  2762 | D:4      | Found a basalt altar of Yredelemnul.
  2762 | D:4      | Found a snail-covered altar of Cheibriados.
  2771 | D:4      | Found an iron altar of Okawaru.
  2771 | D:4      | Found a glowing golden altar of the Shining One.
  2854 | D:4      | Found a burning altar of Makhleb.
  2864 | D:4      | Noticed Ijyb
  2890 | D:4      | Killed Ijyb
  3301 | D:5      | Entered Level 5 of the Dungeon
  3353 | D:5      | Reached **** piety under Trog
  3417 | D:5      | Found an opulent altar of Gozag.
  3450 | D:5      | Reached skill level 6 in Maces & Flails
  3563 | D:5      | Found a stormy altar of Qazlal.
  3693 | D:5      | Reached XP level 8. HP: 78/78 MP: 7/7
  3757 | D:5      | Found a staircase to the Ecumenical Temple.
  3763 | Temple   | Entered the Ecumenical Temple
  3849 | D:5      | Found a shadowy altar of Dithmenos.
  3861 | D:5      | Identified the +0 double sword of Arrival {holy, rPois rF++
                  | rN+ MP+9}
  4290 | D:6      | Found a shimmering altar of Xom.
  4290 | D:6      | Found a shimmering altar of Xom.
  4293 | D:6      | Found a shimmering altar of Xom.
  4409 | D:6      | Reached skill level 7 in Maces & Flails
  4903 | D:7      | Reached skill level 5 in Dodging
  4914 | D:7      | Reached skill level 8 in Maces & Flails
  4960 | D:7      | Reached XP level 9. HP: 44/87 MP: 8/8
  5096 | D:7      | Identified the +1 quarterstaff of Amorality {heavy, rC+
                  | Str+3 Int+3}
  5162 | D:7      | Found a white marble altar of Elyvilon.
  5358 | D:7      | Reached skill level 5 in Fighting
  5585 | D:8      | Reached skill level 9 in Maces & Flails
  5588 | D:8      | Found a glowing silver altar of Zin.
  5696 | D:8      | Reached skill level 1 in Staves
  5700 | D:8      | Noticed a rime drake
  5707 | D:8      | Killed a rime drake
  5744 | D:8      | Found a staircase to the Lair.
  5787 | D:9      | Reached XP level 10. HP: 43/96 MP: 9/9
  5835 | D:8      | Reached skill level 5 in Staves
  5947 | D:8      | Noticed Pikel
  5962 | D:8      | Killed Pikel
  5974 | D:8      | Noticed a boulder beetle
  6022 | D:8      | Killed a boulder beetle
  6023 | D:8      | Reached skill level 1 in Throwing
  6138 | D:8      | Found a transporter.
  6140 | D:8      | Found a transporter.
  6141 | D:8      | Found a transporter.
  6144 | D:8      | Found a transporter.
  6548 | D:9      | Reached skill level 10 in Maces & Flails
  6559 | D:9      | Reached skill level 1 in Armour
  6766 | D:9      | Found a broken altar of Ashenzari.
  6770 | D:9      | Saw a vision of the Shoals and the Spider Nest.
  6770 | D:9      | Noticed a merfolk avatar
  6770 | D:9      | Noticed a manticore
  6770 | D:9      | Noticed a sea snake
  6770 | D:9      | Noticed a sea snake
  6770 | D:9      | Noticed a pharaoh ant
  6770 | D:9      | Noticed a wolf spider
  6770 | D:9      | Noticed a moth of wrath
  6770 | D:9      | Noticed a steelbarb worm
  6770 | D:9      | Noticed a broodmother
  6770 | D:9      | Noticed a sea snake
  6770 | D:9      | Noticed a torpor snail
  6770 | D:9      | Noticed a moth of wrath
  6775 | D:9      | Noticed a torpor snail
  7349 | D:10     | Entered Level 10 of the Dungeon
  7475 | D:9      | Reached XP level 11. HP: 52/105 MP: 10/10
  7782 | D:10     | Found Xashric's Weapon Shop.
  8001 | D:10     | Reached ***** piety under Trog
  8245 | D:10     | Noticed a two-headed ogre
  8252 | D:10     | Killed a two-headed ogre
  8369 | D:11     | Noticed a boulder beetle
  8386 | D:11     | Killed a boulder beetle
  8657 | D:11     | Noticed a boulder beetle
  8705 | D:11     | Killed a boulder beetle
  8872 | D:11     | Found a staircase to the Orcish Mines.
  8884 | D:11     | Reached skill level 11 in Maces & Flails
  8906 | D:11     | You fall into a shaft and drop 2 floors!
  9013 | D:12     | Noticed a green ugly thing
  9133 | D:11     | Noticed Harold
  9148 | D:11     | Killed Harold
  9149 | D:11     | Reached skill level 1 in Stealth
  9528 | D:11     | Reached XP level 12. HP: 106/118 MP: 11/11
  9976 | D:12     | Killed from afar by a meliai

Illustrated notes

Levels and vault maps discovered:
D:1:      mrwooster_arrival_statue_2, layout_rooms, minmay_vboxes
D:2:      minmay_recursive_quarters, layout_basic, serial_shops, shop,
          uniq_sigmund, uniq_natasha
D:3:      layout_basic, worldfamousw_hep_ancestral_shrine
D:4:      layout_basic, kiku_gazebo_pond_becter,
          minmay_overflow_temple_star_hex, kennysheep_mini_moat,
          grunt_decor_mini_mirrors, uniq_ijyb
D:5:      layout_basic, mainiacjoe_overflow_six_doors_small,
          nicolae_qazlal_eye_of_the_storm, mainiacjoe_overflow_brackets,
          minmay_temple_entry_enclosed_plants
D:6:      layout_rooms, xom_redecorated, minmay_misc_feat_nine_boxes
D:7:      layout_basic, amcnicky_altar_gilded
D:8:      layout_basic, mainiacjoe_overflow_chevrons, hellmonk_lair_entry_icy,
          nicolae_diode_quadrants, uniq_pikel
D:9:      layout_loops_corners, grunt_ashenzari_visionary
          [grunt_ashenzari_visionary_shoals, grunt_ashenzari_visionary_spider]
D:10:     layout_irregular_city, serial_shops, shop
D:11:     layout_irregular_city, erik_orc_1, nrook_mini_backslash, uniq_harold
D:12:     layout_loops_ring, minmay_starry_boxes
D:13:     layout_loops_ring, erik_vaults_1, uniq_rupert, uniq_maurice
Temple:   hellmonk_temple_two_chambers

Skill      XL: |  1  2  3  4  5  6  7  8  9 10 11 |
---------------+----------------------------------+-----
Maces & Flails | 3 4 5 6 8 9 10 11 | 11.8
Dodging        | 3 4 5 6 7 |  7.2
Fighting       | 3 4 5 6 7 |  7.4
Evocations     | 1 2 |  2.0
Shields        | 2 |  2.3
Staves         | 4 8 |  8.0
Throwing       | 2 3 |  3.1
Armour         | 1 4 |  4.1
Stealth        | 1 |  1.0

Action                     |  1- 3 |  4- 6 |  7- 9 | 10-12 || total
---------------------------+-------+-------+-------+-------++-------
  Melee: Mace              |   116 |   182 |    23 |       ||   321
         Flail             |       |       |   255 |       ||   255
         Punch             |       |       |     3 |       ||     3
         Giant club        |       |       |    15 |       ||    15
         Quarterstaff      |       |       |    50 |    88 ||   138
         Dire flail        |       |       |       |   371 ||   371
  Throw: Boomerang         |       |     1 |     6 |    17 ||    24
         Dart              |       |       |       |     9 ||     9
 Invoke: Berserk           |     2 |     3 |     7 |     4 ||    16
         Trog's Hand       |       |       |     1 |     3 ||     4
  Evoke: Wand              |       |       |       |     5 ||     5
    Use: Scroll            |       |       |       |     2 ||     2
   Stab: Sleeping          |     1 |     1 |       |       ||     2
 Armour: Animal skin       |    77 |    71 |   123 |     3 ||   274
         Acid dragon scale |       |       |       |   198 ||   198
  Dodge: Dodged            |   139 |   117 |   189 |   207 ||   652
  Block: Other             |       |    15 |    85 |    96 ||   196
         Reflection        |       |       |     1 |     5 ||     6
